[Event "MČR v bleskovém šachu družstev 2019"]
[Site "Teplice, Czech Republic"]
[Date "2019.09.14"]
[Round "11.4"]
[White "Vymazal, Bronislav"]
[Black "Popper, Tomas"]
[Result "1-0"]
[TimeControl "3 mim. + 2 s"]
[WhiteFideId "318396"]
[WhiteElo "2309"]
[BlackElo "2088"]

1. g3 d5 2. Bg2 c6 3. f4 Nf6 4. Nf3 e6 5. d3 Bd6 6.
O-O O-O 7. Nc3 Nbd7 8. e4 e5 9. Kh1 dxe4 10. dxe4 Qe7 11. Qe2 h6 12. Nh4 Nb6 13. h3 Bd7 14. Nf5 Bxf5 15. exf5 exf4 16.
Qxe7 Bxe7 17. Bxf4 Rad8 18. Rfe1 Bb4 19. Be5 Nfd5 20. Nxd5 Nxd5 21. c3 Bd6 22. Bxd5 cxd5 23. Rad1 f6 24.
Bxd6 Rxd6 25. Kg2 Kf7 26. Kf3 Rfd8 27. Rd4 Rb6 28. Re2 a5 29. Red2 1-0

[Event "MČR v bleskovém šachu družstev 2019"]
[Site "Teplice, Czech Republic"]
[Date "2019.09.14"]
[Round "11.5"]
[White "Vykouk, Jan"]
[Black "Bach, Markus"]
[Result "1-0"]
[TimeControl "3 mim. + 2 s"]
[WhiteTitle "IM"]
[BlackFideId "24603376"]
[WhiteElo "2439"]
[BlackElo "2259"]

1. e4 c6 2. Nf3 d5 3. Nc3 dxe4 4.
Nxe4 Nf6 5. Qe2 Nxe4 6. Qxe4 Nd7 7.
d4 Nf6 8. Qd3 g6 9. Be2 Bf5 10. Qb3 Qb6 11. c3 Bg7 12. O-O O-O 13. Qxb6 axb6 14. a3 b5 15. Bg5 Rfe8 16. h3 h6 17. Bh4 Nd5 18. Bg3 Nf6 19.
Be5 Be4 20. Rfe1 Bd5 21. Nd2 Ne4 22. Bxg7 Kxg7 23. Nxe4 Bxe4 24. Bxb5 Bxg2 25. Kxg2 cxb5 26. Re5 b4 27. cxb4 e6 28. Rb5 Red8 29. Rd1 Rd7 30.
d5 Rad8 31. d6 Rc8 32. Rc5 Rcd8 33. Rc7 Kf6 34. a4 e5 35. b5 Ke6 36. a5 Ra8 37.
b4 f5 38. b6 g5 39. Rdc1 Rad8 40. Rxd7 Rxd7 41. Rc7 Kxd6 42. Rc1 Ke6 43. b5 Rd5 44. a6 Rxb5 45. a7 Ra5 46. Rc8 Kd5 1-0

[Event "MČR v bleskovém šachu družstev 2019"]
[Site "Teplice, Czech Republic"]
[Date "2019.09.14"]
[Round "11.6"]
[White "Buchcar, Tomas"]
[Black "Studnicka, Tomas"]
[Result "0-1"]
[TimeControl "3 mim. + 2 s"]
[BlackTitle "IM"]
[WhiteFideId "328421"]
[WhiteElo "2145"]
[BlackElo "2215"]

1. c4 c5 2. g3 Nc6 3. Bg2 g6 4. Nc3 Bg7 5. a3 d6 6. Rb1 a5 7. e3 Bf5 8. d3 Nf6 9. Nge2 Qd7 10. Nf4 O-O 11. O-O Ne5 12.
e4 Bg4 13. f3 Be6 14. Nfd5 Rab8 15. Nb6 Qd8 16. Ncd5 Nc6 17. Qa4 Bxd5 18. Nxd5 e6 19. Nc3 Nd7 20. Kh1 Nde5 21. Qd1 Nd4 22.
f4 Nec6 23. Be3 b5 24. cxb5 Nxb5 25. Nxb5 Rxb5 26. Rf2 Nd4 27. Qa4 Qb6 28. h3 Rb8 29. Bc1 Rb3 30. Qc4 Qb5 31. Ra1 Rxd3 32.
Qxb5 Rxb5 33. Rd2 Rxd2 34. Bxd2 Rxb2 35. Bxa5 Ne2 36. Re1 Nxg3+ 37. Kh2 Ne2 38. Bf1 Nxf4+ 39. Kg3 Be5 40. Kf3 Rb3+ 41. Kg4 Rxa3 42. Rb1 Kg7 0-1

[Event "MČR v bleskovém šachu družstev 2019"]
[Site "Teplice, Czech Republic"]
[Date "2019.09.14"]
[Round "11.7"]
[White "Cech, Pavel"]
[Black "Tresnak, Filip"]
[Result "1-0"]
[TimeControl "3 mim. + 2 s"]
[WhiteTitle "IM"]
[BlackFideId "333905"]
[WhiteElo "2387"]
[BlackElo "1931"]

1. e4 c6 2. d4 d5 3. e5 Bf5 4. Nf3 e6 5. Nbd2 h6 6. Nb3 Qb6 7. Be3 Nd7 8.
Be2 c5 9. dxc5 Nxc5 10. O-O Qc7 11. Bb5+ Nd7 12. Nbd4 Bh7 13. c4 a6 14. cxd5 axb5 15. Rc1 Qb8 16. dxe6 Nxe5 17. Nxb5 Nd3 18.
exf7+ Kxf7 19. Qb3+ Ke8 20. Nc7+ Kd8 21. Qd5+ Ke7 22. Qe6+ Kd8 23. Qe8# 1-0

[Event "MČR v bleskovém šachu družstev 2019"]
[Site "Teplice, Czech Republic"]
[Date "2019.09.14"]
[Round "11.8"]
[White "Prudek, Jiri"]
[Black "Sodoma, Jan"]
[Result "1/2-1/2"]
[TimeControl "3 mim. + 2 s"]
[BlackTitle "IM"]
[WhiteFideId "327310"]
[WhiteElo "1962"]
[BlackElo "2193"]

1. e4 e5 2. Nf3 Nc6 3. Bb5 a6 4. Ba4 Nf6 5.
d3 b5 6.
Bb3 Be7 7. O-O O-O 8. h3 d6 9. a4 b4 10. a5 Be6 11. c3 Rb8 12. Bxe6
fxe6 13. Ng5 Qd7 14. Bd2 d5 15. f4 h6 16. Nf3 dxe4 17. Nxe5 Nxe5 18. fxe5 Nd5 19. dxe4 Bc5+ 20.
Kh1 Qb5 21. Rf3 Rxf3 22. gxf3 Ne7 23. cxb4 Bxb4 24. Nc3 Bxc3 25. Bxc3 Ng6 26. Qf1 Nxe5 27. Qxb5 Rxb5 28. Kg2 Kf7 29. f4 Nc4 30. Rd1 Nxb2 31.
Rd7+ Ke8 32. Rxc7 Nd3 33. Bxg7 Nxf4+ 34. Kf3 Ng6 35. Bxh6 Rh5 36. Bg7 Rxh3+ 37. Kg4 Ra3 38. Rc6 Rxa5 39. Rxe6+ Kf7 40. Bc3 Kxe6 41. Bxa5 Ke5 42. Kf3 Nh4+ 43. Ke3 Ng6 44. Kf3 1/2-1/2

[Event "MČR v bleskovém šachu družstev 2019"]
[Site "Teplice, Czech Republic"]
[Date "2019.09.14"]
[Round "11.9"]
[White "Vojta, Tomas"]
[Black "Jirovsky, Milos"]
[Result "1/2-1/2"]
[TimeControl "3 mim. + 2 s"]
[WhiteTitle "FM"]
[BlackTitle "GM"]
[WhiteFideId "308781"]
[BlackFideId "303224"]
[WhiteElo "2353"]
[BlackElo "2499"]

1. e4 d5 2. exd5 Qxd5 3. Nc3 Qd6 4. d4 Nf6 5. Nf3 c6 6. g3 Bg4 7. Bg2 e6 8. O-O Qc7 9. h3 Bh5 10. g4 Bg6 11. Ne5 Bd6 12. f4 Nbd7 13. Qe2 O-O 14. Be3 Rfe8 15. Rad1 Rad8 16. Qf2 a6 17. Qh4 Be7 18. Qg3 c5 19. Nxg6 hxg6 20. d5 exd5 21. Nxd5 Nxd5 22. Rxd5 Nf6 23. Rdd1 c4 24. Qf2 Nd7 25. f5 gxf5 26. Qxf5 Bf6 27. Bd4 Bxd4+ 28. Rxd4 Ne5 29. Bd5 Re7 30. Rfd1 Qb6 31. Qf2 Rde8 32. b3 cxb3 33. axb3 g6 34. Rf1 Kg7 35. Rf4 Qxf2+ 36. R4xf2 1/2-1/2

[Event "MČR v bleskovém šachu družstev 2019"]
[Site "Teplice, Czech Republic"]
[Date "2019.09.14"]
[Round "11.10"]
[White "Sokolov, Alexander"]
[Black "Zeman, Matyas"]
[Result "1/2-1/2"]
[TimeControl "3 mim. + 2 s"]
[WhiteTitle "FM"]
[WhiteFideId "4119177"]
[BlackFideId "364398"]
[WhiteElo "2417"]
[BlackElo "2094"]

1. e4 e6 2. d4 d5 3.
Nd2 a6 4. Ngf3 c5 5. exd5 exd5 6. Be2 Nf6 7. O-O Be7 8. dxc5 Bxc5 9. Nb3 Bb6 10. Bg5 O-O 11. c3 Nc6 12.
Nfd4 h6 13. Bh4 g5 14. Bg3 Ne4 15. Nxc6 bxc6 16. Be5 Be6 17. Bf3 f5 18. Nd4 Qd7 19. Bxe4 fxe4 20. h3 c5 21. Nb3 Rad8 22. Qh5 Kh7 23.
Rad1 Rf5 24. Bg3 Qf7 25. Qe2 d4 26. cxd4 Bxb3 27. axb3 cxd4 28. Qxe4 Re8 29. Qd3 Qg6 30. Rfe1 Rff8 31. Rxe8 Rxe8 32. Qxa6 d3 33.
Qxd3 Re1+ 34. Kh2 Qxd3 35. Rxd3 Re2 36. Rd6 Bxf2 37. Bxf2 Rxf2 38. b4 Rxb2 39. Rd4 Rb3 40. h4 gxh4 41. Rxh4 Kg6 42. Rf4 Kg5 43. g3 h5 44. Kh3 Rc3 45. Rd4 Rb3 46. Rd5+ Kg6 47. b5 Rb4 48. Rd6+ Kg5 49. b6 h4 50. gxh4+ Rxh4+ 51. Kg3 Rb4 1/2-1/2

[Event "MČR v bleskovém šachu družstev 2019"]
[Site "Teplice, Czech Republic"]
[Date "2019.09.14"]
[Round "11.11"]
[White "Svanda, Ondrej"]
[Black "Dolezal, Radoslav"]
[Result "0-1"]
[TimeControl "3 mim. + 2 s"]
[WhiteTitle "FM"]
[BlackTitle "IM"]
[WhiteFideId "359670"]
[BlackFideId "304735"]
[WhiteElo "1924"]
[BlackElo "2359"]

1. e4 c6 2. d4 d5 3.
Nd2 dxe4 4. Nxe4 Nd7 5. Nf3 Ngf6 6. Nxf6+ Nxf6 7. Bd3 Bg4 8. c3 e6 9. O-O Bd6 10.
Bg5 Qc7 11. h3 Bh5 12. c4 c5 13. d5 e5 14. Bxf6 gxf6 15. Bf5 Bg6 16. Qd3 Ke7 17. Nh4 Rag8 18. Qe4 Kd8 19. a3 Qb6 20.
b4 cxb4 21. axb4 Bxb4 22. Rfb1 a5 23. d6 Re8 24. c5 Qb5 25. c6 bxc6 26. Rxb4 0-1

[Event "MČR v bleskovém šachu družstev 2019"]
[Site "Teplice, Czech Republic"]
[Date "2019.09.14"]
[Round "11.12"]
[White "Postupa, Pavel"]
[Black "Skacelik, Petr"]
[Result "1-0"]
[TimeControl "3 mim. + 2 s"]
[WhiteFideId "326410"]
[BlackFideId "307904"]
[WhiteElo "2184"]
[BlackElo "2078"]

1. e4 c5 2. Nf3 Nc6 3.
d4 cxd4 4. Nxd4 g6 5. Nxc6 bxc6 6. Bd3 Bg7 7. O-O d6 8. Nd2 Nf6 9.
Rb1 O-O 10. b3 a5 11. Bb2 a4 12. e5 Nd7 13.
exd6 exd6 14. Bxg7 Kxg7 15. Nc4 d5 16. Nd2 Ne5 17. Be2 Bf5 18. Nf3 Nxf3+ 19. Bxf3 Qf6 20. b4 Rab8 21. Qd2 Rfe8 22. a3 Re7 23.
h3 Rbe8 24. b5 cxb5 25. Rxb5 d4 26. Rb4 Rc8 27. Qxd4 Qxd4 28. Rxd4 Bxc2 29. Bd1 Bxd1 30. Rfxd1 Ra7 31. R1d3 Rc2 32.
g4 Ra2 33. Kg2 h6 34. Kg3 g5 35. Rb4 Rc2 36. Rf3 Rd2 37. Rb6 Rc2 38.
h4 gxh4+ 39. Kxh4 Rcc7 40. Kg3 Rc2 41. Rd3 Rc4 42.
f3 Rac7 43. Ra6 Rb7 44. Ra8 Re7 45. Rdd8 Rb7 46. Rg8+ Kf6 47. Ra6+ Ke7 48. Rga8 Rb3 49. Rxa4 Rcc3 50. Re4+ Kf6 51. Rf4+ Kg6 52. a4 Ra3 53. Ra6+ Kg7 54. Ra7 Kg6 55. Raxf7 Rxa4 56. Rxa4 Kxf7 57.
Ra7+ Kg6 58. Ra4 Rb3 59. Kf4 Rb5 60. Ra6+ Kg7 61. Re6 Rb4+ 62. Re4 Rb5 63. Re5 Rb4+ 64. Kf5 Rb8 65. f4 Rf8+ 66. Ke4 Ra8 67. Re7+ Kg6 68. f5+ Kf6 69. Re6+ Kg7 70. Rg6+ Kh7 71. Kf4 Re8 72. Kg3 Re1 73. Ra6 Re3+ 74. Kf4 Re1 75.
Ra7+ Kg8 76. Rb7 Kf8 77. f6 Kg8 78.
Kf5 Rg1 79. Rg7+ Kf8 80. Rh7 Rh1 81. Kg6 Ke8 82. Rxh6 Rg1 83. g5 1-0

[Event "MČR v bleskovém šachu družstev 2019"]
[Site "Teplice, Czech Republic"]
[Date "2019.09.14"]
[Round "11.13"]
[White "Bernasek, Jan"]
[Black "Rubes, Jan"]
[Result "1-0"]
[TimeControl "3 mim. + 2 s"]
[WhiteTitle "GM"]
[BlackTitle "FM"]
[WhiteFideId "311995"]
[BlackFideId "338176"]
[WhiteElo "2526"]
[BlackElo "2316"]

1. d4 d5 2. c4 e6 3. Nc3 Nf6 4. cxd5 Nxd5 5. Nf3 Nxc3 6. bxc3 c5 7. e3 Be7 8. Bd3 O-O 9. O-O Nd7 10. e4 cxd4 11. cxd4 b6 12. Bf4 Bb7 13.
Rc1 Rc8 14. Qa4 Nc5 15. dxc5 Qxd3 16. c6 Ba6 17. Rfd1 Qb5 18. Qxb5 Bxb5 19. Nd4 Ba4 20. c7 Bc5 21. Nb3 f6 22. Bd6 Rfe8 23. Bxc5 bxc5 24.
Rxc5 Kf7 25. Rdc1 Bxb3 26. axb3 Re7 27. f4 Rd7 28. R1c2 Ke7 29. Kf2 Rd4 30. Ke3 Rb4 31. R2c3 Rb7 32. f5 exf5 33. exf5 Kd7 34. Kd4 Rbxc7 35. Rxc7+ Rxc7 36. Rxc7+
Kxc7 37. Kd5 Kd7 38. g4 Ke7 39.
Kc6 g6 40. b4 gxf5 41. gxf5 h5 42.
h4 1-0

[Event "MČR v bleskovém šachu družstev 2019"]
[Site "Teplice, Czech Republic"]
[Date "2019.09.14"]
[Round "11.15"]
[White "Vrbata, Zbynek"]
[Black "Kral, David"]
[Result "1/2-1/2"]
[TimeControl "3 mim. + 2 s"]
[WhiteTitle "FM"]
[WhiteFideId "301256"]
[BlackFideId "326097"]
[WhiteElo "2324"]
[BlackElo "2028"]

1. d4 d5 2. c4 c6 3. Nf3 Bf5 4. e3 e6 5. b3 Nf6 6. Nbd2 Bd6 7. Bb2 O-O 8. Be2 Nbd7 9. O-O Ne4 10. Ne5 f6 11. Nxd7 Qxd7 12. Nf3 Rae8 13. Nh4 Qc7 14. h3 Bg6 15. Nxg6 hxg6 16. Rc1 f5 17. Bd3 g5 18. Qh5 Qf7 19. Qxf7+ Kxf7 20. f3 Ng3 21. Rfe1 g6 22. a3 Rh8 23. e4 Bf4 24. Rc2 g4 25. fxg4 fxg4 26. Rf2 g5 27. Bc1 gxh3 28. gxh3 dxe4 29. Bxf4 gxf4 30. Rxf4+ Nf5 31. Bxe4 Reg8+ 32. Kh2 Rg5 33. Ref1 Rhh5 34. d5 Ke7 35. dxc6 bxc6 36. Bxf5 exf5 37.
h4 Kf6 38. Kh3 Rg8 39. Rd1 Ke6 40. c5 Ke5 41. Rdf1 a5 42. b4 axb4 43. axb4 Ra8 44. R4f3 Ke4 45. R3f2 Ra3+ 46. Kg2 Rxh4 47. Re2+ Kd4 48. Rxf5 Rg4+ 49. Kf2 Re4 50. Rxe4+ Kxe4 51. Rf6 Ra2+ 52. Ke1 Rb2 53. Rxc6 Rxb4 54. Rc8 Kd5 1/2-1/2

[Event "MČR v bleskovém šachu družstev 2019"]
[Site "Teplice, Czech Republic"]
[Date "2019.09.14"]
[Round "11.16"]
[White "Krutsky, Martin"]
[Black "Kuba, Jindrich"]
[Result "0-1"]
[TimeControl "3 mim. + 2 s"]
[BlackTitle "FM"]
[WhiteFideId "361526"]
[BlackFideId "318248"]
[WhiteElo "1974"]
[BlackElo "2223"]

1. e4 c5 2. Nf3 e6 3. d4 cxd4 4. Nxd4 a6 5. Be3 Qc7 6. c4 Nf6 7. Bd3 Nc6 8. Nxc6 dxc6 9. Nc3 e5 10. O-O Be7 11. c5 O-O 12. Qc2 Ng4 13.
Na4 Nxe3 14. fxe3 Be6 15. Bc4 Bg4 16. h3 Bh5 17. g4 Bg6 18. Rad1 Rad8 19. b4 Bg5 20. Kf2 Qe7 21. Ke2 h5 22. Nb6 hxg4 23. hxg4 Bh6 24. Rxd8 Rxd8 25. Rd1 Rxd1 26. Qxd1 Bxe4 27. Bd3 Bd5 28. a3 Be6 29. Bf5 Bxf5 30. gxf5 Qg5 31. Qd3 Qg2+ 32. Kd1 e4 33. Qd8+ Kh7 34. Qd4 Qf1+ 35. Kc2 Qxf5 36. Nc4 Qe6 37.
Kb2 g6 38. Nd6 Bg7 0-1

[Event "MČR v bleskovém šachu družstev 2019"]
[Site "Teplice, Czech Republic"]
[Date "2019.09.14"]
[Round "11.17"]
[White "Liska, Jiri"]
[Black "Sykora, Ondrej"]
[Result "1-0"]
[TimeControl "3 mim. + 2 s"]
[WhiteTitle "FM"]
[WhiteElo "2241"]
[BlackElo "2122"]

1. c4 e5 2. g3 Nc6 3. Bg2 d6 4. Nc3 f5 5. Rb1 Be6 6. d3 a5 7. a3 Qd7 8. b4 axb4 9. axb4 Nf6 10. b5 Nd8 11. Nh3 Be7 12. Ng5 Bg8 13. h4 h6 14. Nf3 Bf7 15. Bb2 O-O 16. e3 c6 17. d4 e4 18.
Nd2 d5 19. bxc6 bxc6 20. c5 g5 21. hxg5 hxg5 22. Na4 Qe6 23. Nb6 Ra7 24. Ra1 Rxa1 25.
Qxa1 Kg7 26. Qa7 Re8 27. Qc7 Kg6 28.
Kd1 Bg8 29. Kc2 Nf7 30. Nb3 Bd8 31. Qb7 Re7 32. Qa6 Bxb6 33. Qxb6 Nd7 34. Qa6 Nd8 35. Na5 f4 36. gxf4 gxf4 37. Bh3 Qf6 38. Bc1 Rh7 39. Qc8 Be6 40. Rg1+ Kf7 41.
Bxe6+ Kxe6 42. Nxc6 Nxc6 43. Qxc6+ Ke7 44. Qxd5 fxe3 45. Bxe3 Qf3 46. Qd6+ Ke8 47.
Rg8+ Nf8 48. Qb8+ Ke7 49. Bg5+ Ke6 50. Qd6+ Kf7 51. Rxf8+ 1-0

[Event "MČR v bleskovém šachu družstev 2019"]
[Site "Teplice, Czech Republic"]
[Date "2019.09.14"]
[Round "11.18"]
[White "Hacha, Ales"]
[Black "Vltavsky, Vladimir"]
[Result "0-1"]
[TimeControl "3 mim. + 2 s"]
[WhiteElo "2065"]
[BlackElo "2252"]

1. e4 c5 2. Nf3 e6 3.
g3 d5 4.
exd5 exd5 5. Bg2 d4 6.
O-O Nf6 7. Re1+ Be7 8. d3 O-O 9. c3 Nc6 10. Na3 Bg4 11.
h3 Bh5 12. Nc4 b5 13. Nce5 Nxe5 14. Rxe5 Rc8 15. g4 Bg6 16. cxd4 cxd4 17. Rxb5 Bd6 18. Bg5 h6 19. Bh4 Qd7 20. Qb3 Rb8 21. a4 a6 22.
Rxb8 Rxb8 23. Qc4 Rxb2 24. Nxd4 Be5 25.
Nc6 Bxd3 26. Nxe5 Bxc4 27. Nxd7 Nxd7 28. Rd1 Be6 29. Bd5 Bxd5 30. Rxd5 Rb7 31. Kg2 Nb6 32. Rd4 Rd7 33. Rxd7 Nxd7 34. Be7 f6 35. Kf3 Kf7 36. Ke4 Kxe7 0-1

[Event "MČR v bleskovém šachu družstev 2019"]
[Site "Teplice, Czech Republic"]
[Date "2019.09.14"]
[Round "11.19"]
[White "Zima, Jan"]
[Black "Marsalek, Zdenek"]
[Result "1-0"]
[TimeControl "3 mim. + 2 s"]
[WhiteElo "2048"]
[BlackElo "2272"]

1. d4 Nf6 2. Nf3 g6 3.
g3 Bg7 4. Bg2 O-O 5. O-O d5 6. c4 dxc4 7. Na3 c3 8. bxc3 c5 9. Nc4 Nc6 10. e3 Bg4 11. h3 Be6 12. Qe2 Rc8 13. Nfd2 b5 14. Na3 a6 15. Bb2 Qb6 16. Rfc1 Rfd8 17.
Nb3 cxd4 18. cxd4 Bd5 19. f3 b4 20. Nc4 Qb5 21. Nc5 Nd7 22. Nxd7 Rxd7 23. Bf1 Qb7 24. Kg2 h5 25. h4 f5 26.
Rc2 Rdc7 27. Rac1 a5 28.
a3 Kf8 29. Kf2 Bf6 30. Qd2 b3 31. Rc3 a4 32. Be2 Kf7 33. Qd3 Qb8 34. Ne5+ Nxe5 35. dxe5 Rxc3 36. Rxc3 1-0

[Event "MČR v bleskovém šachu družstev 2019"]
[Site "Teplice, Czech Republic"]
[Date "2019.09.14"]
[Round "11.20"]
[White "Broucek, Tomas"]
[Black "Duran, Tomas"]
[Result "0-1"]
[TimeControl "3 mim. + 2 s"]
[WhiteElo "2044"]
[BlackElo "2135"]

1. d4 g6 2. Nf3 Bg7 3. e4 d6 4.
Bd3 Nf6 5. O-O O-O 6. c3 c6 7. Bg5 Qc7 8. h3 e5 9. dxe5 dxe5 10. Qc1 Be6 11. Bh6 Rd8 12. Bxg7 Kxg7 13. Bc2 h6 14. Qe3 Qb6 15. Qxb6 axb6 16.
Na3 Nbd7 17. Rfd1 b5 18. Rd2 Kf8 19. Rad1 Ke7 20. Ne1 Nc5 0-1

[Event "MČR v bleskovém šachu družstev 2019"]
[Site "Teplice, Czech Republic"]
[Date "2019.09.14"]
[Round "11.21"]
[White "Formanek, Martin"]
[Black "Trepka, Jan"]
[Result "1/2-1/2"]
[TimeControl "3 mim. + 2 s"]
[WhiteFideId "316768"]
[BlackFideId "322814"]
[WhiteElo "2230"]
[BlackElo "2186"]

1. e4 c6 2. d4 d5 3. e5 Bf5 4. Nc3 e6 5. g4 Bg6 6. Nge2 c5 7. h4 h6 8. h5 Bh7 9. Be3 Nc6 10. f4 cxd4 11. Nxd4 Nxd4 12. Bxd4 Ne7 13. Qd2 Nc6 14. O-O-O Qa5 15. Kb1 Bb4 16.
Rh3 O-O-O 17. a3 Bxc3 18. Rxc3 Kb8 19. Bc5 Be4 20. b4 Qa4 21. Kb2 Rc8 22. Bd3 Bxd3 23. Qxd3 a6 24. Bf2 Na7 25. Bxa7+ Kxa7 26. f5 Qd7 27. fxe6 fxe6 28. Qd4+ Kb8 29. Rdd3 Rhf8 30. Rc5 Rxc5 31. Qxc5 Rc8 32. Qf2 Qc7 33. Qe2 b5 34. Re3 Qc4 35. Qxc4 Rxc4 36. Rg3 Re4 37. g5 Rxe5 38.
gxh6 gxh6 39. Rg6 Rxh5 40. Rxe6 Kb7 41. Kc3 Rh4 42. Rd6 d4+ 43. Kd3 h5 44. Rh6 Rh2 45. Kxd4 Rxc2 46. Rxh5 Rc4+ 47. Kd5 Rc3 48. Rh7+ Kb6 49. Rh6+ Kb7 50. Rh7+ 1/2-1/2

[Event "MČR v bleskovém šachu družstev 2019"]
[Site "Teplice, Czech Republic"]
[Date "2019.09.14"]
[Round "11.22"]
[White "Ruzicka, Ales"]
[Black "Dvorak, Jan"]
[Result "1-0"]
[TimeControl "3 mim. + 2 s"]
[WhiteFideId "325252"]
[BlackFideId "314870"]
[WhiteElo "2102"]
[BlackElo "2229"]

1. e4 e6 2. d4 d5 3. Nc3 Bb4 4. exd5 exd5 5. Bd3 Nc6 6. Nge2 Nf6 7. Bf4 O-O 8. O-O Re8 9. a3 Bd6 10. Qd2 a6 11. Rfe1 Bg4 12. f3 Bh5 13. g4 Bg6 14. Bxg6 hxg6 15. Ng3 Qd7 16. Kg2 Na5 17. b3 Rxe1 18. Rxe1 Bxa3 19. Nb1 Nxb3 20. cxb3 Bd6 21. Bxd6 Qxd6 22. Ne2 a5 23. Nc1 a4 24.
bxa4 Rxa4 25. Nc3 Rc4 26. N1e2 Qc6 27. Rb1 b6 28. Rb2 Ne8 29.
Nb5 Nd6 30. Nxd6 Qxd6 31. Rc2 Ra4 32. Qe3 Kh7 33. h4 Qd7 34. Ng3 c6 35. h5 Rc4 36. hxg6+ fxg6 37. Re2 c5 38. dxc5 bxc5 39. Kh3 d4 40. Qd2 Rc3 41.
Rh2 Qf7 42. Kg2+ Kg8 43. Qf2 d3 44. Kh3 Rc2 45. Qe3 Rxh2+ 46. Kxh2 c4 47. Ne4 Qc7+ 48. Kg2 Qe5 49.
Qd2 Qd4 50. Kg3 Qe5+ 51. Kg2 Qd4 52. Qc3 Qe3 53. Qxc4+ d2 1-0

[Event "MČR v bleskovém šachu družstev 2019"]
[Site "Teplice, Czech Republic"]
[Date "2019.09.14"]
[Round "11.23"]
[White "Kopta, Pavel"]
[Black "Loskot, Petr"]
[Result "1-0"]
[TimeControl "3 mim. + 2 s"]
[WhiteTitle "FM"]
[WhiteFideId "309109"]
[BlackFideId "319570"]
[WhiteElo "2234"]
[BlackElo "2010"]

1. d4 d5 2. c4 e6 3. Nc3 Nf6 4. Bg5 Be7 5. e3 h6 6. Bh4 O-O 7. Rc1 Ne4 8.
Bxe7 Qxe7 9. Bd3 Nxc3 10. bxc3 dxc4 11. Bxc4 e5 12. Ne2 c6 13. O-O Nd7 14. Bb3 exd4 15. cxd4 Nf6 16. Ng3 Be6 17.
Qc2 Rfd8 18. Rb1 Rab8 19. Rfc1 Bd5 20. Bxd5 Rxd5 21. Rb3 h5 22. h3 h4 23. Ne2 Ne4 24. Nf4 Rf5 25. f3 Nd6 26.
Qd2 g5 27. Nd3 Qf6 28. Ne5 Qg7 29. Rxc6 Rd8 30. Rc7 Ne8 31. Qc2 Rxe5 32. dxe5 Nxc7 33. Qxc7 Rd1+ 34. Kh2 Rd2 35. Rxb7 Rxa2 36. e6 1-0

[Event "MČR v bleskovém šachu družstev 2019"]
[Site "Teplice, Czech Republic"]
[Date "2019.09.14"]
[Round "11.24"]
[White "Meszaros, Ludek"]
[Black "Chmel, Kristian"]
[Result "1-0"]
[TimeControl "3 mim. + 2 s"]
[WhiteFideId "308153"]
[BlackFideId "344281"]
[WhiteElo "2070"]
[BlackElo "2097"]

1. e4 e5 2. Nf3 Nc6 3. Bb5 f5 4. d4 fxe4 5. Nxe5 Nf6 6.
O-O Be7 7. Bg5 O-O 8. c4 Ne8 9. Be3 Bf6 10. Ng4 d6 11. Nxf6+ Nxf6 12. Nc3 a6 13. Bxc6 bxc6 14. Qa4 Bd7 15. Qa5 Ng4 16. Qh5 g6 17.
Qg5 Nxe3 18. Qxe3 Bf5 19. d5 Rb8 20. b3 Re8 21. Rae1 Qh4 22. Ne2 Re7 23. dxc6 Rbe8 24. Ng3 Rf8 25.
c5 d5 26. Rd1 Be6 27. Qe2 Qf6 28. Qxa6 h5 29. f4 h4 30.
Ne2 h3 31. g3 Bg4 32. Rde1 e3 33. Qd3 Bf5 34. Qd4 Qf7 35. Rf3 Re4 36. Qc3 Rfe8 37. Nd4 Qg7 38. Ne2 Qf7 39. Nd4 Qg7 40.
Ne2 d4 41. Qc4+ Be6 42. Qd3 Bf5 43. Qc4+ Kh8 44. Rd1 R4e7 45. Qxd4 Ra8 46. Qxg7+ Kxg7 47. a4 Bc2 48. Rd7 Rae8 49. Nd4 Bd3 50. Rxe3 Bf5 51. Rexe7+ 1-0

[Event "MČR v bleskovém šachu družstev 2019"]
[Site "Teplice, Czech Republic"]
[Date "2019.09.14"]
[Round "11.25"]
[White "Krejci, Jan"]
[Black "Vanecek, Jiri"]
[Result "1-0"]
[TimeControl "3 mim. + 2 s"]
[WhiteTitle "GM"]
[WhiteFideId "322156"]
[BlackFideId "305332"]
[WhiteElo "2527"]
[BlackElo "1999"]

1. d4 b6 2. e4 Bb7 3. Nc3 e6 4. Bd3 c5 5. d5 Nf6 6. Nf3 exd5 7. exd5 Bd6 8. O-O O-O 9. Nb5 Ne8 10. Re1 a6 11. Rxe8 Bxh2+ 12. Nxh2 Rxe8 13.
Nd6 Bc8 14. Bxh7+ Kxh7 15. Qh5+ 1-0

[Event "MČR v bleskovém šachu družstev 2019"]
[Site "Teplice, Czech Republic"]
[Date "2019.09.14"]
[Round "11.26"]
[White "Zacek, Petr"]
[Black "Sorm, Daniel"]
[Result "0-1"]
[TimeControl "3 mim. + 2 s"]
[BlackTitle "FM"]
[WhiteFideId "320501"]
[BlackFideId "5400139"]
[WhiteElo "2009"]
[BlackElo "2310"]

1. d4 d5 2. Nf3 Nf6 3. c4 dxc4 4. Nc3 a6 5.
a4 Nc6 6. e3 Na5 7. Ne5 Be6 8. Be2 g6 9. O-O Bg7 10. Bd2 O-O 11. Bf3 c6 12.
g3 Qc7 13. Bg2 b5 14. axb5 axb5 15. Qf3 Nd5 16. e4 Nxc3 17. Bxc3 Nb3 18. Rxa8 Rxa8 19. Rd1 Nxd4 20. Bxd4 Bxe5 21. Bxe5 Qxe5 22. Qe2 b4 23. Kh1 Qc5 24. f4 f6 25. Rc1 c3 26. e5 fxe5 27. fxe5 Ra2 28. Rc2 Rxb2 29. Rxb2 cxb2 30. Qxb2 Qc3 31. Qb1 b3 32. Be4 b2 33. Bc2 Bd5+ 34.
Kg1 Qd2 35. Be4 Qe3+ 0-1

[Event "MČR v bleskovém šachu družstev 2019"]
[Site "Teplice, Czech Republic"]
[Date "2019.09.14"]
[Round "11.27"]
[White "Strasil, Pavel"]
[Black "Ruzicka, Milos"]
[Result "1/2-1/2"]
[TimeControl "3 mim. + 2 s"]
[WhiteFideId "308013"]
[BlackFideId "368784"]
[WhiteElo "2026"]
[BlackElo "1933"]

1. d4 Nf6 2. c4 g6 3. Nc3 Bg7 4. e4 d6 5. Be2 O-O 6.
Bg5 h6 7. Be3 e5 8. d5 b6 9. h4 h5 10. f3 Na6 11. Nh3 Nc5 12. b4 Bxh3 13. Rxh3 Ncd7 14. Bg5 a5 15. b5 Re8 16. Na4 Nc5 17.
Nxc5 bxc5 18. a4 Qd7 19. Qd2 Nh7 20. O-O-O f6 21. Bh6 Re7 22. Rg1 f5 23. Bxg7 Rxg7 24. Bd3 f4 25. Rhh1 Rf8 26.
g4 fxg3 27. Rxg3 Rf4 28. Qg2 Nf8 29.
Rg5 Qf7 30. Be2 Nh7 31. Rg3 Qf6 32. Qh3 Nf8 33. Kd2 Kh7 34. Ke3 Qe7 35. Rg5 Nd7 36. Rhg1 Rf6 37. Kd2 Nb6 38. Ra1 Qd7 39. Qh2 Qf7 40. Ke3 Rf4 1/2-1/2

[Event "MČR v bleskovém šachu družstev 2019"]
[Site "Teplice, Czech Republic"]
[Date "2019.09.14"]
[Round "11.28"]
[White "Trejbal, Jindrich"]
[Black "Krejci, Jan"]
[Result "0-1"]
[TimeControl "3 mim. + 2 s"]
[WhiteFideId "368792"]
[BlackFideId "316873"]
[WhiteElo "1979"]
[BlackElo "2048"]

1. e4 e5 2. Nf3 Nf6 3. d4 Nxe4 4. dxe5 d5 5.
Bd3 Be7 6. O-O O-O 7. Re1 Nc5 8. Bb5 c6 9. Bf1 Bg4 10. h3 Bh5 11. Nc3 Nbd7 12. Bf4 Ne6 13. Bg3 Bc5 14. Na4 Bb4 15.
c3 Ba5 16. b4 Bc7 17. Nb2 Re8 18. Nd3 Ng5 19. Be2 Ne4 20. Qc2 Bb6 21. Nd4 Nxg3 22. fxg3 Bg6 23. Bf3 Nxe5 24. Be2 Qd6 25.
Kh2 Bc7 26. Qd2 Nxd3 27. Bxd3 Qxg3+ 28. Kg1 Qxd3 0-1

[Event "MČR v bleskovém šachu družstev 2019"]
[Site "Teplice, Czech Republic"]
[Date "2019.09.14"]
[Round "12.1"]
[White "Trepka, Jan"]
[Black "Kociscak, Jiri"]
[Result "0-1"]
[TimeControl "3 mim. + 2 s"]
[BlackTitle "IM"]
[WhiteFideId "322814"]
[BlackFideId "322121"]
[WhiteElo "2186"]
[BlackElo "2417"]

1. d4 d5 2. c4 e6 3. a3 c5 4.
e3 Nc6 5. Nf3 Nf6 6. Nc3 Bd6 7. dxc5 Bxc5 8. b4 Bd6 9. Bb2 O-O 10. Be2 a5 11. b5 Ne7 12. O-O b6 13. cxd5 Nexd5 14. Nxd5 Nxd5 15. Qd4 f6 16.
Rfd1 Qe7 17. e4 Bc5 18. Qd2 Nc7 19. Bd4 Bxd4 20. Nxd4 Bb7 21. Nc6 Bxc6 22. bxc6 Rfd8 23. Qc3 Rxd1+ 24. Rxd1 Rd8 25. Rd4 Kf7 26. a4 Rd6 27. Qd2 Ne8 28.
Bb5 Qd8 29. Rxd6 Qxd6 30. Qc2 Nc7 31. g3 Ke7 32. Kg2 h6 33. h4 Qd4 34. Qe2 g5 35. hxg5 hxg5 36. Kh2 Kd6 37. Qf3 Ke5 38. Qe2 Qxe4 39. f4+ gxf4 40. gxf4+ Kxf4 41. Qf2+ Ke5 42. Qg3+ Qf4 0-1